[ AOE2 MATCH · #505315158 ]
UnrankedIncas vs Bohemians
Player's team · WIN
Rival team · LOSS
[ REPLAY ANALYSIS · EXTRACTED FROM THE RECORDED GAME ]
Feudal
11:03
Castle
14:59
Imperial
63:07
| APM avg | 50.1 |
| APM peak | 108 |
| eAPM avg | 29.4 |
| Villagers / military | 184 / 150 |
Focus
⚔️ 36.5% · 🌾 63.5%
Skirmisher ×65 · Kamayuk ×59 · Mangonel ×14 · Battering Ram ×8 · Monk ×2 · Trebuchet (Packed) ×2
Feudal
10:46
Castle
22:13
Imperial
—
| APM avg | 68.7 |
| APM peak | 146 |
| eAPM avg | 34.8 |
| Villagers / military | 244 / 101 |
Focus
⚔️ 51.6% · 🌾 48.4%
Hussite Wagon ×46 · Battering Ram ×22 · Monk ×18 · Scout Cavalry ×10 · Knight ×5
Match map
Initial resources + every placement click. Lines = walls · curves = elevation contours. ◆ gold · ⬟ stone · ● berries · ✦ relic · ◌ wall gap
Your base· Open — unwalled flank
DS_Gabo's base· Open — unwalled flank
Smoothed initial terrain · ◌ = detected wall gap · hover for details
Inputs per minute
— eduv - - DS_Gabo
Build order — eduv
First 150 of 563 actions detected
| 0:01 | Queue | Villager (Male) |
| 0:02 | Queue | Villager (Male) |
| 0:03 | Build | House |
| 0:11 | Queue | Villager (Male) |
| 0:12 | Queue | Villager (Male) |
| 0:12 | Queue | Villager (Male) |
| 1:37 | Queue | Villager (Male) |
| 1:37 | Queue | Villager (Male) |
| 1:54 | Build | Barracks |
| 1:59 | Queue | Villager (Male) |
| 2:00 | Queue | Villager (Male) |
| 2:16 | Build | Palisade Wall |
| 2:17 | Build | Palisade Wall |
| 2:19 | Build | Palisade Wall |
| 2:25 | Queue | Villager (Male) |
| 2:25 | Queue | Villager (Male) |
| 2:52 | Queue | Villager (Male) |
| 2:52 | Queue | Villager (Male) |
| 3:12 | Build | House |
| 3:34 | Build | Palisade Wall |
| 3:41 | Build | Palisade Wall |
| 3:43 | Build | Palisade Wall |
| 3:53 | Queue | Villager (Male) |
| 3:53 | Queue | Villager (Male) |
| 3:54 | Queue | Villager (Male) |
| 3:54 | Queue | Villager (Male) |
| 4:09 | Queue | Unit 2550 |
| 5:02 | Queue | Villager (Male) |
| 5:02 | Queue | Villager (Male) |
| 5:03 | Queue | Villager (Male) |
| 5:03 | Queue | Villager (Male) |
| 5:03 | Queue | Villager (Male) |
| 5:28 | Queue | Villager (Male) |
| 5:28 | Queue | Villager (Male) |
| 5:28 | Queue | Villager (Male) |
| 5:57 | Queue | Villager (Male) |
| 5:57 | Queue | Villager (Male) |
| 6:29 | Build | Settlement |
| 6:48 | Queue | Villager (Male) |
| 6:48 | Queue | Villager (Male) |
| 6:53 | Queue | Villager (Male) |
| 6:53 | Queue | Villager (Male) |
| 8:42 | Research | Feudal Age |
| 10:23 | Queue | Villager (Male) |
| 10:23 | Queue | Villager (Male) |
| 11:03 | Age | Feudal Age |
| 11:07 | Queue | Villager (Male) |
| 11:10 | Build | Market |
| 11:12 | Build | Blacksmith |
| 11:43 | Research | Double-Bit Axe |
| 12:19 | Research | Castle Age |
| 12:20 | Research | Castle Age |
| 13:59 | Build | House |
| 14:01 | Build | Palisade Wall |
| 14:04 | Build | House |
| 14:05 | Build | House |
| 14:08 | Build | Palisade Wall |
| 14:16 | Build | Palisade Wall |
| 14:24 | Research | Loom |
| 14:49 | Queue | Villager (Male) |
| 14:58 | Build | Palisade Wall |
| 14:59 | Age | Castle Age |
| 15:00 | Build | Palisade Wall |
| 15:02 | Build | Palisade Wall |
| 15:19 | Build | Town Center |
| 15:31 | Queue | Villager (Male) |
| 15:33 | Research | Bow Saw |
| 15:33 | Research | Bow Saw |
| 15:49 | Build | Town Center |
| 15:53 | Queue | Villager (Male) |
| 16:49 | Queue | Villager (Male) |
| 16:49 | Queue | Villager (Male) |
| 16:55 | Research | Horse Collar |
| 17:46 | Build | Farm |
| 17:46 | Build | Farm |
| 17:47 | Build | Farm |
| 17:52 | Build | Farm |
| 17:54 | Build | Farm |
| 17:55 | Build | Farm |
| 17:57 | Build | Farm |
| 17:59 | Build | Farm |
| 18:39 | Build | Palisade Gate |
| 18:41 | Build | Palisade Gate |
| 18:43 | Build | House |
| 18:49 | Queue | Villager (Male) |
| 18:50 | Queue | Villager (Male) |
| 19:25 | Build | Farm |
| 19:28 | Build | Farm |
| 19:30 | Build | Farm |
| 19:32 | Build | Farm |
| 19:37 | Queue | Villager (Male) |
| 19:37 | Queue | Villager (Male) |
| 19:38 | Queue | Villager (Male) |
| 19:42 | Build | Farm |
| 19:45 | Build | Farm |
| 20:06 | Queue | Villager (Male) |
| 20:06 | Queue | Villager (Male) |
| 20:27 | Queue | Villager (Male) |
| 20:39 | Queue | Villager (Male) |
| 20:39 | Queue | Villager (Male) |
| 20:58 | Queue | Villager (Male) |
| 21:08 | Build | Castle |
| 21:15 | Queue | Villager (Male) |
| 21:25 | Queue | Villager (Male) |
| 21:25 | Queue | Villager (Male) |
| 21:58 | Build | Farm |
| 22:01 | Build | Farm |
| 22:03 | Build | Farm |
| 22:16 | Queue | Kamayuk |
| 22:34 | Queue | Villager (Male) |
| 22:34 | Queue | Villager (Male) |
| 23:00 | Queue | Villager (Male) |
| 23:00 | Queue | Villager (Male) |
| 23:00 | Queue | Villager (Male) |
| 23:08 | Build | Siege Workshop |
| 23:28 | Queue | Villager (Male) |
| 23:28 | Queue | Villager (Male) |
| 23:29 | Queue | Villager (Male) |
| 23:56 | Queue | Battering Ram |
| 24:00 | Queue | Kamayuk |
| 24:00 | Queue | Kamayuk |
| 24:00 | Queue | Kamayuk |
| 24:28 | Queue | Kamayuk |
| 24:28 | Queue | Kamayuk |
| 24:29 | Queue | Kamayuk |
| 24:49 | Research | Scale Mail Armor |
| 24:49 | Research | Scale Mail Armor |
| 24:50 | Queue | Kamayuk |
| 24:51 | Queue | Kamayuk |
| 24:57 | Build | Farm |
| 25:12 | Queue | Kamayuk |
| 25:13 | Queue | Kamayuk |
| 25:13 | Queue | Kamayuk |
| 26:11 | Build | Settlement |
| 26:24 | Queue | Kamayuk |
| 26:24 | Queue | Kamayuk |
| 26:26 | Queue | Villager (Male) |
| 26:26 | Queue | Villager (Male) |
| 26:26 | Queue | Villager (Male) |
| 26:26 | Queue | Villager (Male) |
| 27:00 | Build | Castle |
| 27:02 | Build | House |
| 27:07 | Build | Stone Wall |
| 27:10 | Build | Stone Wall |
| 27:12 | Build | Stone Wall |
| 27:14 | Build | Stone Wall |
| 27:15 | Build | Stone Wall |
| 27:17 | Build | Stone Wall |
| 27:19 | Build | Stone Wall |
| 27:22 | Queue | Kamayuk |
Build order — DS_Gabo
First 150 of 497 actions detected
| 0:00 | Queue | Villager (Male) |
| 0:00 | Queue | Villager (Male) |
| 0:01 | Build | House |
| 0:03 | Build | House |
| 0:05 | Queue | Villager (Male) ×2 |
| 0:05 | Queue | Villager (Male) ×2 |
| 1:34 | Queue | Villager (Male) |
| 1:34 | Queue | Villager (Male) |
| 1:53 | Queue | Villager (Male) |
| 2:19 | Build | Lumber Camp |
| 2:23 | Queue | Villager (Male) |
| 2:50 | Queue | Villager (Male) |
| 2:50 | Queue | Villager (Male) |
| 2:50 | Queue | Villager (Male) |
| 2:56 | Research | Loom |
| 3:05 | Build | House |
| 3:10 | Queue | Villager (Male) |
| 3:10 | Queue | Villager (Male) |
| 3:13 | Build | Palisade Wall |
| 3:17 | Build | Palisade Wall |
| 3:20 | Build | Palisade Wall |
| 3:25 | Queue | Villager (Male) |
| 3:28 | Build | Palisade Wall |
| 3:30 | Build | Palisade Wall |
| 3:51 | Build | Palisade Wall |
| 3:52 | Build | Palisade Wall |
| 3:55 | Build | Palisade Wall |
| 3:59 | Build | Palisade Wall |
| 4:00 | Build | Palisade Wall |
| 4:04 | Build | Palisade Wall |
| 4:15 | Queue | Villager (Male) |
| 4:15 | Queue | Villager (Male) |
| 4:16 | Queue | Villager (Male) |
| 4:19 | Build | Palisade Wall |
| 4:21 | Build | Palisade Wall |
| 4:53 | Queue | Villager (Male) |
| 5:17 | Queue | Villager (Male) |
| 5:30 | Queue | Villager (Male) |
| 5:31 | Queue | Villager (Male) |
| 5:51 | Queue | Villager (Male) |
| 5:51 | Queue | Villager (Male) |
| 6:30 | Queue | Villager (Male) |
| 6:31 | Queue | Villager (Male) ×2 |
| 6:31 | Queue | Villager (Male) |
| 6:32 | Queue | Villager (Male) |
| 6:47 | Build | Mill |
| 6:56 | Build | House |
| 7:03 | Queue | Villager (Male) ×2 |
| 7:03 | Queue | Villager (Male) ×2 |
| 7:21 | Queue | Villager (Male) ×2 |
| 7:22 | Queue | Villager (Male) ×2 |
| 7:50 | Queue | Villager (Male) |
| 7:57 | Queue | Villager (Male) |
| 7:57 | Queue | Villager (Male) |
| 8:04 | Build | Palisade Wall |
| 8:18 | Build | Palisade Wall |
| 8:19 | Queue | Villager (Male) |
| 8:19 | Queue | Villager (Male) ×2 |
| 8:23 | Build | Farm |
| 8:36 | Research | Feudal Age |
| 8:37 | Research | Feudal Age |
| 9:31 | Queue | Villager (Male) |
| 10:08 | Build | Barracks |
| 10:12 | Build | Palisade Wall |
| 10:46 | Age | Feudal Age |
| 11:08 | Build | Stable |
| 11:10 | Build | Palisade Wall |
| 11:11 | Build | Palisade Wall |
| 11:12 | Queue | Villager (Male) |
| 11:14 | Research | Double-Bit Axe |
| 11:14 | Research | Double-Bit Axe |
| 11:15 | Queue | Villager (Male) |
| 11:15 | Queue | Villager (Male) |
| 11:17 | Build | Farm |
| 11:18 | Build | Farm |
| 11:21 | Queue | Villager (Male) |
| 11:30 | Build | House |
| 11:53 | Build | Mining Camp |
| 11:54 | Queue | Scout Cavalry |
| 11:54 | Queue | Scout Cavalry |
| 11:55 | Queue | Scout Cavalry |
| 12:00 | Build | Palisade Wall |
| 12:07 | Queue | Scout Cavalry |
| 12:10 | Queue | Scout Cavalry |
| 12:11 | Queue | Villager (Male) ×4 |
| 12:33 | Queue | Villager (Male) |
| 12:33 | Queue | Villager (Male) |
| 12:40 | Build | House |
| 12:41 | Build | House |
| 12:44 | Queue | Villager (Male) |
| 13:00 | Build | Farm |
| 13:03 | Build | Farm |
| 13:05 | Queue | Villager (Male) |
| 13:05 | Queue | Villager (Male) |
| 13:16 | Build | House |
| 13:17 | Build | Palisade Wall |
| 13:25 | Build | Palisade Wall |
| 13:29 | Queue | Villager (Male) |
| 13:32 | Build | Farm |
| 13:46 | Build | Farm |
| 13:47 | Build | Farm |
| 14:00 | Queue | Villager (Male) |
| 14:00 | Queue | Villager (Male) |
| 14:13 | Queue | Scout Cavalry |
| 14:14 | Queue | Villager (Male) ×2 |
| 14:18 | Build | Watch Tower |
| 14:25 | Build | Watch Tower |
| 14:32 | Queue | Scout Cavalry |
| 14:35 | Queue | Villager (Male) ×2 |
| 14:36 | Queue | Villager (Male) ×2 |
| 14:37 | Build | Farm |
| 14:37 | Build | Farm |
| 15:05 | Build | Watch Tower |
| 15:09 | Build | Watch Tower |
| 15:15 | Queue | Villager (Male) ×2 |
| 15:15 | Queue | Villager (Male) ×2 |
| 15:16 | Queue | Villager (Male) ×2 |
| 15:19 | Queue | Villager (Male) |
| 15:19 | Queue | Villager (Male) |
| 15:21 | Build | Farm |
| 15:24 | Build | House |
| 15:25 | Build | House |
| 15:45 | Build | Farm |
| 16:10 | Build | Palisade Wall |
| 16:10 | Build | Palisade Wall |
| 16:10 | Build | Palisade Wall |
| 16:11 | Build | Palisade Wall |
| 16:11 | Build | Palisade Wall |
| 16:38 | Build | Watch Tower |
| 16:56 | Queue | Villager (Male) |
| 16:59 | Queue | Villager (Male) |
| 17:03 | Build | Mining Camp |
| 17:04 | Queue | Villager (Male) |
| 17:17 | Queue | Villager (Male) |
| 17:20 | Build | Palisade Wall |
| 17:20 | Build | Palisade Wall |
| 17:22 | Build | Palisade Wall |
| 17:23 | Build | Palisade Wall |
| 17:24 | Build | Palisade Wall |
| 17:25 | Build | Palisade Wall |
| 17:26 | Build | Palisade Wall |
| 17:30 | Build | Palisade Wall |
| 17:35 | Build | Watch Tower |
| 17:45 | Build | Outpost |
| 17:58 | Build | Market |
| 18:22 | Build | Outpost |
| 18:25 | Queue | Villager (Male) |
| 18:38 | Build | House |
| 18:47 | Build | Palisade Wall |
| 18:59 | Queue | Villager (Male) |
Match timeline
| 1:54 | eduv · first_building Barracks |
| 2:16 | eduv · wall_segment Palisade Wall x1 |
| 2:17 | eduv · wall_segment Palisade Wall x1 |
| 2:19 | eduv · wall_segment Palisade Wall x1 |
| 3:13 | DS_Gabo · wall_segment Palisade Wall x5 |
| 3:17 | DS_Gabo · wall_segment Palisade Wall x1 |
| 3:20 | DS_Gabo · wall_segment Palisade Wall x3 |
| 3:28 | DS_Gabo · wall_segment Palisade Wall x2 |
| 3:30 | DS_Gabo · wall_segment Palisade Wall x4 |
| 3:34 | eduv · wall_segment Palisade Wall x1 |
| 3:41 | eduv · wall_segment Palisade Wall x1 |
| 3:43 | eduv · wall_segment Palisade Wall x1 |
| 3:51 | DS_Gabo · wall_segment Palisade Wall x6 |
| 3:52 | DS_Gabo · wall_segment Palisade Wall x1 |
| 3:55 | DS_Gabo · wall_segment Palisade Wall x1 |
| 3:59 | DS_Gabo · wall_segment Palisade Wall x1 |
| 4:00 | DS_Gabo · wall_segment Palisade Wall x1 |
| 4:04 | DS_Gabo · wall_segment Palisade Wall x1 |
| 4:19 | DS_Gabo · wall_segment Palisade Wall x1 |
| 4:21 | DS_Gabo · wall_segment Palisade Wall x1 |
| 8:04 | DS_Gabo · wall_segment Palisade Wall x1 |
| 8:18 | DS_Gabo · wall_segment Palisade Wall x8 |
| 10:08 | DS_Gabo · first_building Barracks |
| 10:12 | DS_Gabo · wall_segment Palisade Wall x8 |
| 10:46 | DS_Gabo · age_up feudal |
| 11:03 | eduv · age_up feudal |
| 11:08 | DS_Gabo · first_building Stable |
| 11:10 | DS_Gabo · wall_segment Palisade Wall x1 |
| 11:11 | DS_Gabo · wall_segment Palisade Wall x2 |
| 12:00 | DS_Gabo · wall_segment Palisade Wall x9 |
| 12:13 | eduv · first_market_sell 100 food |
| 13:17 | DS_Gabo · wall_segment Palisade Wall x13 |
| 13:25 | DS_Gabo · wall_segment Palisade Wall x10 |
| 14:01 | eduv · wall_segment Palisade Wall x1 |
| 14:08 | eduv · wall_segment Palisade Wall x1 |
| 14:16 | eduv · wall_segment Palisade Wall x1 |
| 14:58 | eduv · wall_segment Palisade Wall x1 |
| 14:59 | eduv · age_up castle |
| 15:00 | eduv · wall_segment Palisade Wall x1 |
| 15:02 | eduv · wall_segment Palisade Wall x1 |
| 16:10 | DS_Gabo · wall_segment Palisade Wall x1 |
| 16:10 | DS_Gabo · wall_segment Palisade Wall x1 |
| 16:10 | DS_Gabo · wall_segment Palisade Wall x2 |
| 16:11 | DS_Gabo · wall_segment Palisade Wall x2 |
| 16:11 | DS_Gabo · wall_segment Palisade Wall x1 |
| 17:20 | DS_Gabo · wall_segment Palisade Wall x1 |
| 17:20 | DS_Gabo · wall_segment Palisade Wall x1 |
| 17:22 | DS_Gabo · wall_segment Palisade Wall x1 |
| 17:23 | DS_Gabo · wall_segment Palisade Wall x1 |
| 17:24 | DS_Gabo · wall_segment Palisade Wall x1 |
| 17:25 | DS_Gabo · wall_segment Palisade Wall x1 |
| 17:26 | DS_Gabo · wall_segment Palisade Wall x1 |
| 17:30 | DS_Gabo · wall_segment Palisade Wall x1 |
| 18:47 | DS_Gabo · wall_segment Palisade Wall x7 |
| 19:25 | DS_Gabo · wall_segment Palisade Wall x2 |
| 19:26 | DS_Gabo · wall_segment Palisade Wall x1 |
| 19:27 | DS_Gabo · wall_segment Palisade Wall x1 |
| 19:27 | DS_Gabo · wall_segment Palisade Wall x1 |
| 19:28 | DS_Gabo · wall_segment Palisade Wall x1 |
| 20:54 | DS_Gabo · wall_segment Palisade Wall x1 |
| 20:55 | DS_Gabo · wall_segment Palisade Wall x1 |
| 21:08 | eduv · first_building Castle |
| 21:22 | DS_Gabo · first_market_buy 100 stone |
| 21:38 | DS_Gabo · wall_segment Palisade Wall x1 |
| 21:40 | DS_Gabo · wall_segment Palisade Wall x1 |
| 21:42 | DS_Gabo · wall_segment Palisade Wall x1 |
| 21:43 | DS_Gabo · wall_segment Palisade Wall x1 |
| 21:44 | DS_Gabo · wall_segment Palisade Wall x1 |
| 22:13 | DS_Gabo · age_up castle |
| 22:34 | DS_Gabo · wall_segment Palisade Wall x1 |
| 22:35 | DS_Gabo · wall_segment Palisade Wall x2 |
| 22:35 | DS_Gabo · wall_segment Palisade Wall x1 |
| 22:35 | DS_Gabo · wall_segment Palisade Wall x2 |
| 22:35 | DS_Gabo · wall_segment Palisade Wall x1 |
| 22:36 | DS_Gabo · wall_segment Palisade Wall x2 |
| 22:36 | DS_Gabo · wall_segment Palisade Wall x2 |
| 22:36 | DS_Gabo · wall_segment Palisade Wall x1 |
| 22:40 | DS_Gabo · wall_segment Palisade Wall x1 |
| 23:08 | eduv · first_building Siege Workshop |
| 23:36 | DS_Gabo · first_market_sell 100 food |
| 24:08 | DS_Gabo · first_building Castle |
| 24:28 | DS_Gabo · wall_segment Palisade Wall x1 |
| 24:41 | DS_Gabo · wall_segment Palisade Wall x1 |
| 24:48 | eduv · first_market_buy 100 food |
| 25:47 | DS_Gabo · first_building Siege Workshop |
| 27:07 | eduv · wall_segment Stone Wall x1 |
| 27:10 | eduv · wall_segment Stone Wall x1 |
| 27:12 | eduv · wall_segment Stone Wall x1 |
| 27:14 | eduv · wall_segment Stone Wall x1 |
| 27:15 | eduv · wall_segment Stone Wall x1 |
| 27:17 | eduv · wall_segment Stone Wall x1 |
| 27:19 | eduv · wall_segment Stone Wall x1 |
| 28:01 | DS_Gabo · first_building Archery Range |
| 31:02 | DS_Gabo · wall_segment Palisade Wall x1 |
| 33:50 | DS_Gabo · first_building Monastery |
| 48:58 | eduv · first_building Monastery |
| 54:33 | eduv · first_building Archery Range |
| 55:22 | DS_Gabo · wall_segment Stone Wall x1 |
| 55:24 | DS_Gabo · wall_segment Stone Wall x1 |
| 63:07 | eduv · age_up imperial |
| 66:01 | DS_Gabo · resign |
[ AI ANALYSIS · 1 CREDIT ]
What really happened in this match?
Wolo.gg analyzes every decision: build order, eco, micro, common mistakes by bracket. Personalized analysis on WhatsApp or Discord in 30 seconds.
Civ guide
Incas
Perfil
Jugador #631884